General information
- name: BNet
- type: Ladder team game (AT/RT)
- host: Battle.net
- saver: BRUCEWILLISUSA
map: Friends
- players: 8
- length: 47:35
- speed: Fast
- version: 1.24 W3XP
- replay type: Public
» download(305 KB)
Players
team 1 (loser)
WhiteGhost (
purple | 75 APM | 3571 actions | 47:29)
6 Death Knight
3 Death Coil
3 Unholy Aura
5 Lich
3 Frost Nova
2 Frost Armor
5 Dark Ranger
3 Silence
2 Black Arrow
» actions
| Assign group hotkey | 28 | |
| Basic commands | 302 | |
| Build / train | 60 | |
| Enter build submenu | 18 | |
| Enter hero's abilities submenu | 16 | |
| Give item / drop item | 4 | |
| Right click | 1299 | |
| Select / deselect | 502 | |
| Select group hotkey | 1223 | |
| Use ability | 119 | |
3571 total
» units
| Acolyte | 17 | |
| Ghoul | 7 | |
| Crypt Fiend | 4 | |
| Frost Wyrm | 2 | |
| Goblin Zeppelin | 1 | |
31 total
» upgrades
» buildings
| Crypt | 1 | |
| Ziggurat | 5 | |
| Altar of Darkness | 1 | |
| Tomb of Relics | 1 | |
| Graveyard | 1 | |
| Halls of the Dead | 1 | |
| Nerubian Tower | 2 | |
| Black Citadel | 1 | |
| Sacrificial Pit | 1 | |
| Spirit Tower | 1 | |
| Boneyard | 2 | |
17 total
» build order
00:10 Crypt
00:15 Ziggurat
00:36 Altar of Darkness
00:59 Ziggurat
01:22 Tomb of Relics
02:34 Graveyard
02:45 Halls of the Dead
02:56 Nerubian Tower
03:56 Ziggurat
05:53 Black Citadel
06:41 Ziggurat
07:38 Sacrificial Pit
08:15 Spirit Tower
08:23 Nerubian Tower
09:46 Boneyard
09:48 Boneyard
11:03 Ziggurat
» items
| Rod of Necromancy | 2 | |
| Scroll of Town Portal | 1 | |
3 total

»
pyt (
green | 88 APM | 4174 actions | 47:29)
7 Blademaster
3 Wind Walk
3 Critical Strike
1 Bladestorm
5 Shadow Hunter
3 Hex
2 Healing Wave
» actions
| Assign group hotkey | 117 | |
| Basic commands | 185 | |
| Build / train | 76 | |
| ESC pressed | 4 | |
| Enter build submenu | 18 | |
| Enter hero's abilities submenu | 12 | |
| Right click | 2178 | |
| Select / deselect | 429 | |
| Select group hotkey | 1035 | |
| Use ability | 120 | |
4174 total
» units
| Peon | 13 | |
| Grunt | 4 | |
| Wind Rider | 9 | |
| Raider | 3 | |
29 total
» upgrades
| Ranged Weapons | 1 | |
| Armor | 1 | |
| Envenomed Spears | 1 | |
| Reinforced Defenses | 1 | |
| Ensnare | 1 | |
| Pillage | 1 | |
6 total
» buildings
| Altar of Storms | 1 | |
| Orc Burrow | 6 | |
| Barracks | 1 | |
| Voodoo Lounge | 1 | |
| Stronghold | 3 | |
| War Mill | 1 | |
| Beastiary | 2 | |
| Fortress | 2 | |
| Great Hall | 3 | |
| Watch Tower | 3 | |
23 total
» build order
00:11 Altar of Storms
00:21 Orc Burrow
00:43 Barracks
01:35 Orc Burrow
02:13 Voodoo Lounge
03:18 Stronghold
03:19 Stronghold
03:37 War Mill
04:22 Orc Burrow
05:46 Beastiary
05:47 Beastiary
06:08 Orc Burrow
08:31 Fortress
08:58 Orc Burrow
11:27 Orc Burrow
19:01 Great Hall
19:28 Watch Tower
19:29 Watch Tower
19:30 Watch Tower
21:35 Great Hall
23:53 Great Hall
» items
| Scroll of Regeneration | 3 | |
| Lesser Clarity Potion | 3 | |
| Scroll of Town Portal | 1 | |
| Orb of Lightning | 1 | |
8 total

»
siraulo (
yellow | 39 APM | 1859 actions | 47:29)
5 Archmage
3 Summon Water Elemental
2 Brilliance Aura
4 Blood Mage
2 Flame Strike
2 Siphon Mana
» actions
| Assign group hotkey | 30 | |
| Basic commands | 295 | |
| Build / train | 104 | |
| Enter build submenu | 35 | |
| Enter hero's abilities submenu | 9 | |
| Remove unit from queue | 17 | |
| Right click | 309 | |
| Select / deselect | 301 | |
| Select group hotkey | 679 | |
| Use ability | 80 | |
1859 total
» units
| Peasant | 26 | |
| Footman | 11 | |
| Sorceress | 5 | |
| Priest | 4 | |
| Knight | 10 | |
| Spell Breaker | 4 | |
| Rifleman | -4 | |
| Mortar Team | 2 | |
| Goblin Zeppelin | 1 | |
59 total
» upgrades
| Defend | 1 | |
| Sorceress Training | 2 | |
| Priest Training | 2 | |
| Animal War Training | 1 | |
| Magic Sentry | 1 | |
| Control Magic | 1 | |
| Long Rifles | 1 | |
| Fragmentation Shards | 1 | |
10 total
» buildings
| Altar of Kings | 1 | |
| Farm | 13 | |
| Barracks | 1 | |
| Keep | 1 | |
| Arcane Vault | 1 | |
| Castle | 1 | |
| Lumber Mill | 1 | |
| Arcane Sanctum | 2 | |
| Blacksmith | 1 | |
| Scout Tower | 7 | |
| Guard Tower | 3 | |
| Arcane Tower | 1 | |
| Workshop | 3 | |
| Town Hall | 1 | |
37 total
» build order
00:25 Altar of Kings
00:27 Farm
00:32 Barracks
01:07 Farm
01:49 Farm
02:43 Farm
02:45 Keep
03:41 Farm
04:10 Arcane Vault
04:21 Farm
05:11 Castle
05:29 Lumber Mill
05:36 Farm
06:06 Arcane Sanctum
08:16 Arcane Sanctum
08:37 Blacksmith
10:14 Farm
11:48 Farm
13:37 Scout Tower
14:20 Guard Tower
14:30 Scout Tower
14:59 Arcane Tower
15:08 Scout Tower
17:34 Guard Tower
17:38 Farm
22:18 Workshop
22:21 Workshop
22:59 Workshop
26:07 Farm
26:09 Farm
29:13 Scout Tower
29:16 Scout Tower
29:42 Farm
30:01 Guard Tower
30:05 Scout Tower
30:08 Scout Tower
31:28 Town Hall
» items

»
II)ark_Phoenix (
blue | 30 APM | 1413 actions | 47:29)
3 Demon Hunter
1 Immolation
1 Evasion
1 Mana Burn
3 Keeper of the Grove
2 Entangling Roots
1 Thorns Aura
» actions
| Basic commands | 1 | |
| Build / train | 46 | |
| Enter build submenu | 17 | |
| Enter hero's abilities submenu | 6 | |
| Right click | 1081 | |
| Select / deselect | 223 | |
| Use ability | 39 | |
1413 total
» units
| Wisp | 12 | |
| Archer | 4 | |
| Huntress | 5 | |
| Dryad | 4 | |
| Chimaera | 3 | |
28 total
» upgrades
| Strength of the Moon | 1 | |
| Moon Armor | 1 | |
| Abolish Magic | 1 | |
| Strength of the Wild | 1 | |
| Reinforced Hides | 1 | |
| Corrosive Breath | 1 | |
6 total
» buildings
| Moon Well | 7 | |
| Altar of Elders | 1 | |
| Ancient of War | 2 | |
| Hunter's Hall | 1 | |
| Tree of Ages | 1 | |
| Ancient of Lore | 2 | |
| Tree of Eternity | 1 | |
| Ancient of Wind | 1 | |
| Chimaera Roost | 2 | |
18 total
» build order
00:18 Moon Well
00:26 Altar of Elders
01:08 Ancient of War
01:55 Moon Well
02:26 Ancient of War
03:15 Hunter's Hall
03:41 Moon Well
04:20 Tree of Ages
07:12 Ancient of Lore
07:16 Ancient of Lore
09:47 Tree of Eternity
11:07 Moon Well
11:42 Ancient of Wind
13:16 Chimaera Roost
13:19 Chimaera Roost
13:22 Moon Well
14:27 Moon Well
15:41 Moon Well
» items
| Potion of Healing | 1 | |
| Scroll of Town Portal | 1 | |
2 total
team 2 (winner)

»
X_MeN (
teal | 55 APM | 1421 actions | 25:53)
6 Priestess of the Moon
3 Trueshot Aura
2 Searing Arrows
1 Starfall
» actions
| Assign group hotkey | 35 | |
| Basic commands | 10 | |
| Build / train | 60 | |
| Enter build submenu | 33 | |
| Enter hero's abilities submenu | 6 | |
| Remove unit from queue | 1 | |
| Right click | 750 | |
| Select / deselect | 338 | |
| Select group hotkey | 146 | |
| Use ability | 42 | |
1421 total
» units
| Wisp | 19 | |
| Archer | 8 | |
| Dryad | 7 | |
| Hippogryph | 2 | |
| Chimaera | 3 | |
39 total
» upgrades
| Reinforced Hides | 3 | |
| Strength of the Wild | 3 | |
| Ultravision | 1 | |
| Improved Bows | 1 | |
| Abolish Magic | 1 | |
| Well Spring | 1 | |
10 total
» buildings
| Altar of Elders | 1 | |
| Moon Well | 13 | |
| Ancient of War | 2 | |
| Hunter's Hall | 2 | |
| Ancient of Wonders | 1 | |
| Tree of Ages | 1 | |
| Tree of Eternity | 1 | |
| Ancient of Wind | 1 | |
| Ancient of Lore | 2 | |
| Chimaera Roost | 2 | |
| Tree of Life | 2 | |
28 total
» build order
00:21 Altar of Elders
00:29 Moon Well
01:25 Moon Well
01:39 Ancient of War
02:39 Hunter's Hall
02:49 Moon Well
03:38 Hunter's Hall
04:32 Ancient of Wonders
05:01 Tree of Ages
07:06 Moon Well
08:06 Tree of Eternity
08:15 Ancient of Wind
08:23 Ancient of Lore
09:09 Moon Well
10:57 Moon Well
11:11 Chimaera Roost
11:12 Chimaera Roost
12:32 Moon Well
14:19 Ancient of Lore
14:30 Moon Well
18:04 Tree of Life
18:37 Tree of Life
19:19 Moon Well
19:22 Moon Well
19:40 Moon Well
19:50 Ancient of War
20:25 Moon Well
20:28 Moon Well
» items
BRUCEWILLISUSA (
pink | 68 APM | 3227 actions | 47:35)
8 Blood Mage
3 Flame Strike
3 Siphon Mana
1 Summon Phoenix
1 Banish
» actions
| Assign group hotkey | 63 | |
| Basic commands | 15 | |
| Build / train | 178 | |
| ESC pressed | 7 | |
| Enter build submenu | 52 | |
| Enter hero's abilities submenu | 8 | |
| Right click | 1730 | |
| Select / deselect | 425 | |
| Select group hotkey | 571 | |
| Use ability | 178 | |
3227 total
» units
| Peasant | 44 | |
| Siege Engine | 23 | |
| Goblin Zeppelin | 8 | |
| Goblin Sapper | 29 | |
| Goblin Shredder | 5 | |
109 total
» upgrades
| Masonry | 3 | |
| Plating | 2 | |
| Gunpowder | 2 | |
| Magic Sentry | 1 | |
8 total
» buildings
| Altar of Kings | 1 | |
| Farm | 8 | |
| Scout Tower | 53 | |
| Lumber Mill | 4 | |
| Arcane Tower | 8 | |
| Guard Tower | 29 | |
| Keep | 2 | |
| Blacksmith | 1 | |
| Castle | 2 | |
| Workshop | 4 | |
| Town Hall | 3 | |
| Arcane Sanctum | 1 | |
| Arcane Vault | 2 | |
118 total
» build order
00:10 Altar of Kings
00:13 Farm
00:43 Scout Tower
00:46 Scout Tower
00:51 Scout Tower
00:56 Lumber Mill
01:23 Farm
02:00 Scout Tower
02:01 Scout Tower
02:12 Arcane Tower
02:12 Arcane Tower
02:13 Arcane Tower
02:32 Arcane Tower
02:38 Arcane Tower
02:42 Scout Tower
03:13 Arcane Tower
03:13 Arcane Tower
04:31 Scout Tower
04:33 Scout Tower
04:33 Scout Tower
04:34 Scout Tower
04:35 Scout Tower
04:36 Scout Tower
04:37 Scout Tower
04:37 Scout Tower
04:38 Scout Tower
04:39 Scout Tower
04:40 Scout Tower
04:41 Scout Tower
04:42 Scout Tower
04:42 Scout Tower
04:43 Scout Tower
05:45 Guard Tower
05:45 Guard Tower
06:49 Keep
06:49 Keep
07:02 Guard Tower
07:02 Guard Tower
07:28 Guard Tower
07:28 Guard Tower
07:38 Guard Tower
07:42 Guard Tower
08:01 Scout Tower
08:01 Scout Tower
08:02 Scout Tower
08:02 Scout Tower
08:03 Scout Tower
08:04 Scout Tower
08:04 Scout Tower
08:04 Scout Tower
08:06 Scout Tower
08:06 Scout Tower
08:07 Scout Tower
08:34 Guard Tower
08:34 Guard Tower
08:58 Guard Tower
08:58 Guard Tower
09:03 Guard Tower
09:27 Guard Tower
09:27 Guard Tower
09:30 Blacksmith
10:01 Castle
10:01 Castle
11:13 Workshop
11:14 Workshop
11:15 Workshop
11:40 Workshop
11:50 Farm
11:50 Farm
11:50 Farm
11:52 Farm
11:52 Farm
11:52 Farm
29:49 Town Hall
31:27 Town Hall
31:47 Scout Tower
31:48 Scout Tower
32:25 Lumber Mill
32:29 Lumber Mill
34:10 Guard Tower
34:10 Guard Tower
37:22 Scout Tower
37:23 Scout Tower
38:22 Guard Tower
40:15 Scout Tower
40:16 Scout Tower
40:20 Arcane Sanctum
40:56 Guard Tower
40:57 Scout Tower
40:58 Scout Tower
41:28 Guard Tower
42:35 Town Hall
42:38 Scout Tower
42:38 Scout Tower
42:39 Scout Tower
42:39 Scout Tower
42:40 Scout Tower
42:40 Scout Tower
42:40 Scout Tower
42:41 Scout Tower
43:44 Guard Tower
43:44 Guard Tower
44:17 Guard Tower
44:41 Guard Tower
45:42 Arcane Vault
45:48 Arcane Vault
45:50 Scout Tower
45:53 Scout Tower
46:34 Scout Tower
46:34 Scout Tower
46:35 Scout Tower
46:37 Guard Tower
47:08 Lumber Mill
» items
| Mana Stone | 1 | |
| Health Stone | 1 | |
| Scroll of Town Portal | 7 | |
| Potion of Healing | 1 | |
| Moonstone | 1 | |
11 total
Malastare (
orange | 50 APM | 2353 actions | 47:29)
7 Keeper of the Grove
3 Entangling Roots
3 Thorns Aura
1 Tranquility
» actions
| Basic commands | 29 | |
| Build / train | 120 | |
| ESC pressed | 4 | |
| Enter build submenu | 31 | |
| Enter hero's abilities submenu | 7 | |
| Right click | 1314 | |
| Select / deselect | 667 | |
| Use ability | 181 | |
2353 total
» units
| Wisp | 30 | |
| Archer | 19 | |
| Hippogryph | 23 | |
| Druid of the Talon | 4 | |
| Mountain Giant | 2 | |
| Dryad | 1 | |
79 total
» upgrades
| Strength of the Moon | 3 | |
| Moon Armor | 3 | |
| Ultravision | 1 | |
| Improved Bows | 1 | |
| Hippogryph Taming | 1 | |
| Nature's Blessing | 1 | |
| Reinforced Hides | 3 | |
| Strength of the Wild | 3 | |
| Druid of the Talon Training | 2 | |
| Marksmanship | 1 | |
| Well Spring | 1 | |
| Mark of the Talon | 1 | |
| Hardened Skin | 1 | |
| Resistant Skin | 1 | |
| Abolish Magic | 1 | |
24 total
» buildings
| Altar of Elders | 2 | |
| Moon Well | 8 | |
| Ancient of War | 2 | |
| Hunter's Hall | 1 | |
| Ancient of Wonders | 2 | |
| Ancient Protector | 5 | |
| Tree of Ages | 1 | |
| Ancient of Wind | 2 | |
| Tree of Life | 3 | |
| Tree of Eternity | 1 | |
| Ancient of Lore | 1 | |
28 total
» build order
00:12 Altar of Elders
00:16 Moon Well
00:56 Ancient of War
01:19 Moon Well
01:51 Ancient of War
02:46 Moon Well
03:48 Hunter's Hall
04:50 Ancient of Wonders
05:17 Ancient Protector
06:06 Tree of Ages
06:36 Moon Well
07:39 Ancient Protector
09:34 Moon Well
09:39 Moon Well
09:47 Ancient of Wind
09:51 Ancient Protector
10:02 Ancient of Wonders
11:07 Ancient of Wind
12:43 Tree of Life
14:25 Tree of Eternity
18:11 Moon Well
21:46 Ancient Protector
23:31 Tree of Life
32:28 Tree of Life
33:54 Altar of Elders
33:59 Moon Well
35:08 Ancient of Lore
35:15 Ancient Protector
» items
| Scroll of Town Portal | 4 | |
| Orb of Venom | 1 | |
| Potion of Healing | 1 | |
| Potion of Mana | 1 | |
7 total
Novadude_FoX (
red | 37 APM | 611 actions | 16:42)
2 Blademaster
1 Wind Walk
1 Critical Strike
3 Shadow Hunter
2 Healing Wave
1 Hex
» actions
| Basic commands | 4 | |
| Build / train | 43 | |
| Enter build submenu | 22 | |
| Enter hero's abilities submenu | 5 | |
| Right click | 245 | |
| Select / deselect | 233 | |
| Use ability | 59 | |
611 total
» units
| Peon | 13 | |
| Grunt | 1 | |
| Tauren | 4 | |
| Shaman | 4 | |
22 total
» upgrades
| Melee Weapons | 1 | |
| Armor | 1 | |
| Shaman Training | 2 | |
| Pulverize | 1 | |
5 total
» buildings
| Altar of Storms | 1 | |
| Orc Burrow | 9 | |
| War Mill | 1 | |
| Voodoo Lounge | 1 | |
| Barracks | 1 | |
| Stronghold | 1 | |
| Watch Tower | 5 | |
| Fortress | 1 | |
| Tauren Totem | 1 | |
| Spirit Lodge | 1 | |
22 total
» build order
00:07 Altar of Storms
00:10 Orc Burrow
00:54 War Mill
01:09 Voodoo Lounge
01:45 Orc Burrow
02:09 Barracks
02:45 Orc Burrow
03:52 Orc Burrow
03:57 Stronghold
05:08 Orc Burrow
06:10 Watch Tower
06:24 Fortress
07:39 Watch Tower
07:44 Orc Burrow
08:48 Orc Burrow
09:09 Watch Tower
09:12 Watch Tower
09:15 Tauren Totem
09:21 Spirit Lodge
09:56 Orc Burrow
11:02 Watch Tower
14:22 Orc Burrow
» items
| Healing Salve | 1 | |
| Lesser Clarity Potion | 3 | |
| Scroll of Speed | 1 | |
| Orb of Lightning | 1 | |
| Potion of Mana | 1 | |
7 total
Chat log
(00:39 / Allies) X_MeN: plan?
(00:42 / Allies) Novadude_FoX: idc
(00:49 / Allies) X_MeN: k units?
(00:54 / Allies) X_MeN: i gto aa
(00:59 / Allies) Novadude_FoX: beef
(01:04 / Allies) Malastare: arch hippo talon keeper
(01:10 / Allies) X_MeN: vm i got chims
(05:00 / Allies) Malastare: rushing?
(05:49 / All) BRUCEWILLISUSA: dirty spic
(06:01 / Allies) Malastare: gonna pk me pink?
(07:07 / Allies) BRUCEWILLISUSA: raped
(07:10 / Allies) BRUCEWILLISUSA: humiliated
(07:20 / Allies) BRUCEWILLISUSA: he just pulled your intestines out therough your nose
(07:41 / All) BRUCEWILLISUSA: another pros vs joes match
(07:48 / All) BRUCEWILLISUSA: diehards vs tryhards
(09:12 / Allies) Malastare: blue sucks
(10:10 / Allies) Malastare: thanks pink
(10:15 / Allies) BRUCEWILLISUSA: quit shitting around
(10:16 / Allies) Malastare: pink tks
(10:31 / Allies) Malastare: what the hell are you taling about? you destroyed my building
(10:39 / Allies) BRUCEWILLISUSA: it wasnt even in building form
(10:42 / Allies) BRUCEWILLISUSA: it was in role player form
(10:54 / Allies) Malastare: i ate forest and was bringing it back asshole
(11:02 / Allies) BRUCEWILLISUSA: sounds liek role playing to me
(12:56 / Allies) BRUCEWILLISUSA: raped
(13:00 / Allies) BRUCEWILLISUSA: how does an orc get raped by wyverns
(13:04 / Allies) BRUCEWILLISUSA: make bats you dumb ass licker
(15:31 / Allies) BRUCEWILLISUSA: STILL NO BATS
(15:33 / Allies) BRUCEWILLISUSA: ENJOY YOUR RAPE
(16:23 / All) BRUCEWILLISUSA: RAT
(16:24 / All) BRUCEWILLISUSA: NERD
(16:39 / All) Novadude_FoX: pink sucks we lose\
(16:47 / Allies) Malastare: we can win
(16:47 / All) pyt: ez
(16:51 / All) BRUCEWILLISUSA: NERD
(17:16 / Allies) Malastare: build down here
(17:47 / Allies) Malastare: teal
(18:50 / All) BRUCEWILLISUSA: DICK UOP YOUR ASS
(18:51 / All) BRUCEWILLISUSA: DK FIENDS RAT
(19:07 / All) BRUCEWILLISUSA: SETTLE DOWN YOU FOUL NERD
(20:58 / All) pyt: hackung trash I seee
(21:01 / All) BRUCEWILLISUSA: NERD
(21:04 / All) BRUCEWILLISUSA: TRYHARD
(21:07 / All) pyt: Hack more please.
(21:12 / All) X_MeN: he hacks?
(21:18 / All) Malastare: whos hacking? how do you know?
(21:22 / All) pyt: Bruce
(21:23 / All) pyt: Is a known hacker
(21:31 / All) BRUCEWILLISUSA: ONLY NERDS
(21:31 / All) Malastare: oh so you guess?
(21:32 / All) BRUCEWILLISUSA: KNOW
(21:35 / All) BRUCEWILLISUSA: "WELL KNOWN HACKERS"
(21:35 / All) X_MeN: what hack
(24:21 / All) pyt: hacking
(24:22 / All) pyt: obbviously
(24:24 / All) BRUCEWILLISUSA: NERD
(24:33 / All) Malastare: how? cause IO pass you?
(24:34 / All) pyt: You're the nerd who hacks.
(24:53 / All) Malastare: you hacked. you know where my base is
(25:05 / All) Malastare: see how stuypid it sounds
(25:28 / All) pyt: nice teal
(25:45 / All) pyt: you're pathetic bruce
(25:49 / All) BRUCEWILLISUSA: NERD
(25:56 / Allies) Malastare: stay?
(27:24 / All) pyt: lmfao
(27:26 / All) pyt: yeah
(27:28 / All) pyt: tp when you see it coming
(27:41 / All) BRUCEWILLISUSA: NERD
(27:43 / All) BRUCEWILLISUSA: TRYHARD
(27:49 / All) pyt: hardly trying
(27:54 / All) BRUCEWILLISUSA: NERD
(27:55 / All) pyt: just so easy to beat red and treal
(29:20 / All) pyt: RUN
(31:12 / All) pyt: Is this how you have fun?
(31:21 / All) pyt: Tower up and play on these long ass games?
(31:29 / All) BRUCEWILLISUSA: NERD
(31:34 / All) BRUCEWILLISUSA: COOKIE CUTTER
(31:34 / All) BRUCEWILLISUSA: RAT
(31:37 / All) pyt: you're clearly proving that you are.
(33:13 / All) pyt: your teammates are pretty good
(33:24 / All) BRUCEWILLISUSA: PROS VS JOES
(35:21 / All) BRUCEWILLISUSA: WHO HACKS?
(35:35 / Allies) Malastare: they have nothing left?
(35:42 / Allies) BRUCEWILLISUSA: NO WORKERS
(35:44 / Allies) BRUCEWILLISUSA: BUT WE STILL CANT WIN
(35:46 / All) pyt: the worst part of this
(35:51 / Allies) Malastare: nice no hall
(35:57 / All) pyt: because you have nothing else to do
(37:26 / Allies) Malastare: get senttry on towers. bm here
(38:00 / Allies) BRUCEWILLISUSA: ENSNARE HIM
(38:18 / All) pyt: lmfao
(38:25 / Allies) Malastare: almost
(40:22 / Allies) BRUCEWILLISUSA: BACK DUDE
(40:25 / Allies) BRUCEWILLISUSA: DONT GREED YORUSELF
(42:09 / Allies) Malastare: go
(43:23 / Allies) BRUCEWILLISUSA: WOOD ME PLEASE
(43:23 / Allies) BRUCEWILLISUSA: FAST
(43:31 / Allies) BRUCEWILLISUSA: WOOD
(43:32 / Allies) BRUCEWILLISUSA: LUMBER
(43:47 / Allies) Malastare: no wisps
(43:57 / Allies) BRUCEWILLISUSA: U HAVE 1000 WOOD
(43:59 / Allies) BRUCEWILLISUSA: ABND U GIVE ME 300
(44:00 / Allies) BRUCEWILLISUSA: SCROOGE?
(44:01 / Allies) BRUCEWILLISUSA: THAT U?
(46:12 / Allies) Malastare: i cant build. no wisps
(46:13 / All) pyt: yeah
(46:15 / All) pyt: i'd tp too
(46:42 / All) BRUCEWILLISUSA: RAPED
(46:44 / All) BRUCEWILLISUSA: BOW DOWN NOOB
(46:48 / All) pyt: nerd'ed
(46:53 / Allies) Malastare: yellows army is whats sucking
(46:56 / Allies) Malastare: you're good